 Dungeon Crawl Stone Soup version 0.28.0 (webtiles) character file.

Game seed: 7754976282575063388

27857 themarg the Summoner (level 11, -8/111 (115) HPs)
             Began as a Merfolk Summoner on Feb 10, 2022.
             Was a High Priest of Ru.
             Mangled by an 11-headed hydra (11 damage)
             ... on level 4 of the Lair of Beasts.
             The game lasted 03:20:38 (23460 turns).

themarg the Summoner (Merfolk Summoner)            Turns: 23460, Time: 03:20:39

HP:   -8/111 (115)  AC: 29    Str:  8    XL:     11   Next: 35%
MP:   0/25          EV:  2    Int: 18    God:    Ru [*****.]
Gold: 1220          SH:  0    Dex: 16    Spells: 15/30 levels left

rFire   . . .      SeeInvis +   S - +5 halberd
rCold   . . .      Faith    .   (shield currently unavailable)
rNeg    . . .      Spirit   +   (armour currently unavailable)
rPois   +          Reflect  .   (helmet currently unavailable)
rElec   .          Harm     .   (cloak currently unavailable)
rCorr   .          Rampage  .   (gloves currently unavailable)
Will    .....      NoTele   +   (boots currently unavailable)
Stlth   +++.......              l - amulet of guardian spirit
HPRegen 0.28/turn               o - +4 ring of protection
MPRegen 0.19/turn               H - ring of see invisible

@: mighty, exhausted, tree-form, lightly drained
A: stationary, stasis, torment immunity, boosted hp, cowardly, weak-willed 1,
unskilled 1, inexperienced 1, (nimble swimmer 2), (mertail)
a: Renounce Religion, Draw Out Power, Power Leap, Apocalypse


You were on level 4 of the Lair of Beasts.
You worshipped Ru.
Ru was extremely pleased with you.
You were a tree.
You visited 3 branches of the dungeon, and saw 18 of its levels.
You also visited: Ossuary.

You collected 1220 gold pieces.

Inventory:

Hand Weapons
 y - a +1 vorpal trident
 O - a +0 spear of venom
 R - a +1 trident
 S - a +5 halberd (weapon)
Missiles
 b - 462 stones
 x - 6 throwing nets
 E - 11 atropa-tipped darts
Armour
 g - a +0 pair of gloves (melded)
 h - an orb of mayhem
 p - a +0 helmet (melded)
 q - a +0 pair of boots (melded)
 D - +0 acid dragon scales (melded)
 M - a +0 cloak (melded)
 T - +0 fire dragon scales
Jewellery
 e - an amulet of faith
 l - an amulet of guardian spirit (around neck)
 o - a +4 ring of protection (left branch)
 s - a ring of protection from cold
 u - a ring of resist corrosion
 w - a +4 ring of slaying
 H - a ring of see invisible (right branch)
 K - a ring of positive energy
Wands
 k - a wand of acid (9)
 G - a wand of polymorph (6)
 U - a wand of iceblast (3)
 W - a wand of charming (6)
 Z - a wand of digging (8)
Scrolls
 a - 3 scrolls of amnesia
 c - a scroll of enchant weapon
 f - 5 scrolls of teleportation
 i - a scroll of summoning
 j - 4 scrolls of fear
 m - 2 scrolls of noise
 r - 3 scrolls of enchant armour
 t - a scroll of holy word
 A - 2 scrolls of fog
 J - 2 scrolls of blinking
 P - 2 scrolls of acquirement {unknown}
 X - a scroll of silence {unknown}
Potions
 n - a potion of mutation
 v - 2 potions of cancellation {unknown}
 z - a potion of magic {unknown}
 B - 3 potions of flight
 C - 3 potions of attraction
 F - 2 potions of degeneration
 I - 3 potions of might
 L - a potion of haste {unknown}
 Q - 2 potions of resistance
 V - a potion of lignification
 Y - 7 potions of ambrosia


   Skills:
 + Level 4.2 Fighting
 + Level 3.3 Short Blades
 + Level 9.8 Polearms
 + Level 0.1 Throwing
 + Level 3.5 Armour
 + Level 7.1 Dodging
 + Level 5.5 Stealth
 + Level 10.4 Spellcasting
 + Level 4.1 Hexes
 + Level 11.6 Summonings
 + Level 0.7 Ice Magic
 + Level 3.4 Air Magic
 + Level 0.8 Evocations


You had 15 spell levels left.
You knew the following spells:

 Your Spells              Type           Power      Damage    Failure   Level
a - Summon Small Mammal   Summ           100%       N/A       1%          1
b - Call Canine Familiar  Summ           50%        N/A       1%          3
c - Summon Guardian Gole  Hex/Summ       37%        N/A       1%          3
d - Summon Lightning Spi  Summ/Air       36%        N/A       3%          4
e - Summon Ice Beast      Ice/Summ       31%        N/A       6%          4

Your spell library contained the following spells:

 Spells                   Type           Power      Damage    Failure   Level
 Call Imp                 Summ           50%        N/A       1%          2
 Magic Dart               Conj           36%        1d4       8%          1
 Searing Ray              Conj           18%        2d5       12%         2
 Frozen Ramparts          Ice            24%        1d4       17%         3
 Airstrike                Air            10%        N/A       19%         4
 Fulminant Prism          Conj/Hex       8%         3d7       32%         4
 Ice Form                 Ice/Tmut       10%        N/A       54%         4
 Olgreb's Toxic Radiance  Pois           9%         N/A       58%         4
 Lightning Bolt           Conj/Air       7%         1d20      71%         5
 Ozocubu's Refrigeration  Ice            6%         4d6       100%        7
 Ignition                 Fire           4%         3d4       100%        8


Dungeon Overview and Level Annotations

Branches:
Dungeon (12/15)            Temple (1/1) D:4            Lair (5/6) D:8
 Shoals (0/4) Lair:4       Spider (0/4) Lair:2          Orc (0/2) D:12
Ossuary (visited)
  Slime: Lair:5-6

Altars:
Ashenzari
Cheibriados
Dithmenos
Elyvilon
Fedhas
Gozag
Hepliaklqana
Kikubaaqudgha
Makhleb
Nemelex Xobeh
Okawaru
Qazlal
Ru
Sif Muna
Trog
Uskayaw
Vehumet
Wu Jian
Xom
Yredelemnul
Zin
The Shining One

Shops:
D:10 *

Annotations:
D:4 exclusion: 2 downstairs
D:5 exclusion: downstairs
D:6 exclusion: downstairs
D:9 exclusion: 2 downstairs
D:11 exclusion: orange crystal statue
Lair:5 Rupert


Innate Abilities, Weirdness & Mutations

You are a tree.
Your roots penetrate the ground, keeping you stationary.
You cannot be teleported.
You are immune to unholy pain and torment.
Your maximum health is greatly increased.
Your equipment is partially melded.
Your cowardice makes you less effective in combat with threatening foes.
You are slightly weak-willed. (Will-)
You are somewhat unskilled. (-1 Apt)
You are somewhat inexperienced. (-2 XL)
((You are very nimble when in or above water. (Stealth+, EV+, Speed+++)))
((Your lower body shifts to a powerful aquatic tail in water.))


Message History

The 11-headed hydra closely misses you. x3
The 11-headed hydra barely misses you. The 11-headed hydra closely misses you.
The 11-headed hydra barely misses you.
Really quaff the potion of lignification?
You turn into a tree.
Your +0 cloak melds into your body.
Your +0 helmet melds into your body.
Your +0 pair of gloves melds into your body.
Your +0 pair of boots melds into your body.
Your +0 acid dragon scales melds into your body.
Your roots penetrate the ground.
The 11-headed hydra is stunned by your conviction and fails to attack.
Casting: Call Canine Familiar (safe; 1% risk of failure)
Confirm with . or Enter, or press ? or * to list all spells.
Okay, then.
Reach: S) +5 halberd
Press: ? - help, Dir - move target, f/p - 11-headed hydra
Aim: an 11-headed hydra (moderately wounded, blind, about 18% to evade your +5 halberd)
You barely miss the 11-headed hydra.
The 11-headed hydra is moderately wounded.
The 11-headed hydra bites you but does no damage. x2
The 11-headed hydra bites you!
* * * LOW HITPOINT WARNING * * *
The 11-headed hydra bites you but does no damage.
The 11-headed hydra barely misses you.
The 11-headed hydra bites you but does no damage. x2
The 11-headed hydra barely misses you.
The 11-headed hydra bites you but does no damage. x2
The 11-headed hydra bites you.
* * * LOW HITPOINT WARNING * * *
You cannot teleport because you are held in place by your roots.
You feel very mighty all of a sudden.
The 11-headed hydra bites you but does no damage. x2
The 11-headed hydra barely misses you. The 11-headed hydra bites you.
* * * LOW HITPOINT WARNING * * *
You focus your inner power and blind the 11-headed hydra in retribution!
The 11-headed hydra bites you but does no damage. x2
The 11-headed hydra bites you.
* * * LOW HITPOINT WARNING * * *
The 11-headed hydra bites you!
You die...

......≈≈≈≈≈<≈≈≈≈≈................
.......≈≈≈≈≈.≈≈≈....##.####......
......≈≈≈≈≈≈≈≈≈≈....##.###.......
###....≈≈≈≈≈≈≈≈≈....#....##......
#.#.....≈≈≈≈≈≈............P......
.##...#....≈≈............+.......
.#....##...>..#..........P#......
.##....##.††#.......##...........
.##...###.†..##D♣................
.#..[.########.......#...##......
.......#P## ##......####.#.......
##.......P###.#.....##.#..#......
.................................
###.#..####.####P.###.######.#P##
###### ### ##P# ### ##### ###


You could see a 11-headed hydra (blind).

Vanquished Creatures
  Erica (Lair:2)
  An orb spider (Lair:2)
  A merfolk siren (Lair:4)
  A cane toad (Lair:1)
  3 komodo dragons
  4 blink frogs
  2 dream sheep (Lair:4)
  8 yaks
  An acid dragon (D:12)
  3 water moccasins (Lair:3)
  8 wolves
  A bullfrog (D:8)
  A water moccasin zombie (D:6)
  2 killer bees (Lair:3)
  2 wights
  2 electric eels
  A howler monkey (D:11)
  A bullfrog zombie (D:5)
  2 centaur zombies
  A hound (D:5)
  An iguana (D:4)
  An orc wizard (D:8)
  A killer bee zombie (D:7)
  A mummy (Ossuary)
  A gnoll (D:10)
  A howler monkey skeleton (D:7)
  6 adders
  An ufetubus (D:4)
  A worm (D:3)
  2 orcs
  4 ball pythons
  An endoplasm (D:3)
  4 giant cockroaches
  A gnoll zombie (Ossuary)
  2 goblins (D:1)
  A hobgoblin (D:2)
  A jackal (D:3)
  2 quokkas (D:4)
  A bat (D:1)
  5 frilled lizards
  A goblin zombie (Ossuary)
  4 hobgoblin zombies (Ossuary)
  2 kobolds (D:1)
  2 orc zombies (Ossuary)
  8 rats
101 creatures vanquished.

Vanquished Creatures (collateral kills)
  Harold (D:10)
  A fire dragon (D:8)
  A hydra (Lair:3)
  A tengu warrior (D:9)
  A death yak (Lair:4)
  2 cyclopes
  A black mamba (Lair:1)
  5 cane toads
  A rime drake (Lair:3)
  3 komodo dragons (Lair:1)
  A troll (D:12)
  A merfolk (Lair:4)
  5 blink frogs (Lair:3)
  4 dream sheep (Lair:4)
  A meliai zombie (D:10)
  9 yaks
  2 wyverns
  A basilisk (Lair:2)
  Grum (D:9)
  A steam dragon (D:9)
  2 acid dragons
  5 water moccasins
  An ogre (D:4)
  20 wolves
  A centaur (D:5)
  A phantom (D:5)
  6 bullfrogs
  A gnoll sergeant (D:10)
  2 scorpions (D:5)
  23 killer bees
  A howler monkey (D:6)
  3 wights
  3 hounds (D:5)
  2 jellies
  4 orc priests
  3 iguanas (D:6)
  5 orc wizards
  A killer bee zombie (D:7)
  2 howler monkey zombies
  A mummy (Ossuary)
  4 adders
  2 gnolls (D:10)
  2 howler monkey skeletons
  2 white imps (D:6)
  2 ufetubi
  An adder skeleton (D:5)
  2 worms
  2 dart slugs
  28 orcs
  3 endoplasms
  2 giant cockroaches (D:2)
  4 gnoll zombies (Ossuary)
  5 hobgoblins
  3 jackals (D:3)
  3 quokkas
  4 ball pythons (D:1)
  2 bats (D:1)
  3 frilled lizards
  4 goblins
  A goblin zombie (Ossuary)
  A hobgoblin zombie (Ossuary)
  5 kobolds
  A rat (D:1)
216 creatures vanquished.

Vanquished Creatures (others)
  A boulder beetle (D:12)
  A hydra (Lair:1)
  A manticore (D:12)
  A centaur zombie (D:10)
  A gargoyle (D:11)
  2 cane toads
  A queen bee (Lair:3)
  A troll (D:11)
  A blink frog (Lair:3)
  6 yaks
  A water moccasin (Lair:3)
  3 ice beasts
  12 wolves
  A centaur (D:9)
  A scorpion (D:6)
  2 bullfrogs
  6 killer bees
  3 wights
  3 orcs
  24 fungi
  20 plants
92 creatures vanquished.

Grand Total: 409 creatures vanquished

Notes
Turn   | Place    | Note
-------+----------+-------------------------------------------
     0 | D:1      | themarg the Merfolk Summoner began the quest for the Orb.
     0 | D:1      | Reached XP level 1. HP: 13/13 MP: 3/3
   320 | D:1      | Reached XP level 2. HP: 18/19 MP: 5/5
  1021 | D:1      | Reached XP level 3. HP: 24/25 MP: 4/6
  1039 | D:1      | Learned a level 3 spell: Call Canine Familiar
  1699 | D:2      | Reached XP level 4. HP: 24/31 MP: 4/7
  2123 | D:2      | Reached skill level 1 in Fighting
  2323 | D:2      | Reached skill level 1 in Short Blades
  2547 | D:2      | Found a faded altar of an unknown god.
  2874 | D:3      | Reached XP level 5. HP: 37/37 MP: 9/9
  3443 | D:2      | Learned a level 3 spell: Summon Guardian Golem
  3515 | D:3      | Reached skill level 5 in Summonings
  4590 | D:2      | Reached XP level 6. HP: 35/43 MP: 5/11
  5409 | D:4      | Found a staircase to the Ecumenical Temple.
  5418 | Temple   | Entered the Ecumenical Temple
  5496 | Temple   | Became a worshipper of Ru the Awakened
  6018 | D:5      | Entered Level 5 of the Dungeon
  6176 | D:5      | Reached XP level 7. HP: 48/48 MP: 8/12
  6391 | D:4      | Reached skill level 6 in Summonings
  6847 | D:5      | Reached XP level 8. HP: 50/55 MP: 6/15
  7279 | D:5      | Reached skill level 5 in Spellcasting
  7928 | D:5      | Reached skill level 5 in Dodging
  8511 | D:6      | Reached skill level 7 in Summonings
  8618 | D:6      | Reached skill level 1 in Hexes
  8626 | D:6      | Noticed a cyclops
  9027 | D:6      | Reached skill level 1 in Polearms
  9189 | D:6      | Reached XP level 9. HP: 52/61 MP: 10/18
  9510 | D:6      | Reached skill level 8 in Summonings
  9562 | D:6      | Learned a level 4 spell: Summon Lightning Spire
  9678 | D:6      | Killed a cyclops
 10072 | D:7      | Gained mutation: You are somewhat inexperienced. (-2 XL)
                  | [Ru sacrifice]
 10072 | D:7      | Reached XP level 8. HP: 57/57 MP: 17/17
 10072 | D:7      | Reached XP level 7. HP: 51/51 MP: 16/16
 10072 | D:7      | Reached * piety under Ru
 10072 | D:7      | Reached ** piety under Ru
 10631 | D:8      | Found a sand-covered staircase.
 10635 | Ossuary  | Entered an ossuary
 11098 | D:8      | Found a staircase to the Lair.
 11099 | D:8      | Noticed a fire dragon
 12176 | D:7      | Reached skill level 9 in Summonings
 12246 | D:7      | Reached XP level 8. HP: 48/57 MP: 7/18
 12732 | D:9      | Reached skill level 1 in Armour
 12733 | D:9      | Reached skill level 5 in Polearms
 12733 | D:9      | Reached skill level 1 in Air Magic
 13112 | D:9      | Noticed Grum
 13129 | D:9      | Killed Grum
 13262 | D:9      | Noticed a lindwurm
 13285 | D:9      | Noticed a lindwurm
 13285 | D:9      | Noticed a lindwurm
 14380 | D:9      | Gained mutation: You are slightly weak-willed. (Will-) [Ru
                  | sacrifice]
 14380 | D:9      | Reached *** piety under Ru
 14382 | D:10     | Entered Level 10 of the Dungeon
 14409 | D:10     | Noticed a tengu warrior
 14450 | D:9      | Noticed a lindwurm
 14783 | D:10     | Reached skill level 10 in Summonings
 14845 | D:10     | You fall into a shaft and drop 2 floors!
 14845 | D:12     | Noticed a cyclops
 14845 | D:12     | Found a staircase to the Orcish Mines.
 14859 | D:12     | Killed a cyclops
 14869 | D:12     | Reached XP level 9. HP: 64/64 MP: 13/21
 14880 | D:12     | Noticed a boulder beetle
 14934 | D:12     | Killed a boulder beetle
 15145 | D:12     | Noticed a manticore
 15156 | D:12     | Killed a manticore
 15238 | D:12     | Noticed a deep elf pyromancer
 15310 | D:11     | Noticed an orange crystal statue
 15312 | D:11     | Noticed a cyclops
 15721 | D:10     | Noticed Harold
 15722 | D:10     | Found Nuenulof's Profane Products.
 15744 | D:10     | Killed Harold
 15843 | D:9      | Killed a tengu warrior
 16306 | D:10     | Found an ornate altar of the Wu Jian Council.
 16553 | D:8      | Killed a fire dragon
 16746 | Lair:1   | Entered Level 1 of the Lair of Beasts
 16773 | Lair:1   | Noticed a seven-headed hydra
 16781 | Lair:1   | Killed a seven-headed hydra
 17464 | Lair:1   | Reached skill level 11 in Summonings
 17464 | Lair:1   | Reached XP level 10. HP: 59/71 MP: 6/23
 17468 | Lair:1   | Reached skill level 5 in Stealth
 18295 | Lair:2   | Found a hole to the Spider Nest.
 18530 | Lair:2   | Learned a level 4 spell: Summon Ice Beast
 18530 | Lair:2   | Gained mutation: You are somewhat unskilled. (-1 Apt) [Ru
                  | sacrifice]
 18530 | Lair:2   | Reduced skill Summonings to level 10
 18530 | Lair:2   | Reached **** piety under Ru
 18530 | Lair:2   | Reached ***** piety under Ru
 19314 | Lair:2   | Noticed Erica
 19331 | Lair:2   | Killed Erica
 20047 | Lair:3   | Reached skill level 5 in Stealth
 20051 | Lair:3   | Noticed a five-headed hydra
 20376 | Lair:3   | Reached skill level 11 in Summonings
 20777 | Lair:3   | Reached skill level 10 in Spellcasting
 20795 | Lair:3   | Reached XP level 11. HP: 77/77 MP: 6/25
 22239 | Lair:4   | Gained mutation: Your cowardice makes you less effective in
                  | combat with threatening foes. [Ru sacrifice]
 22259 | Lair:4   | Found a staircase to the Shoals.
 22821 | Lair:5   | Noticed Rupert
 23460 | Lair:4   | HP: 3/111 [11-headed hydra (3)]
 23460 | Lair:4   | Mangled by an 11-headed hydra

Illustrated notes

Levels and vault maps discovered:
D:1:      dpeg_arrival_short_road, layout_loops_ring
D:2:      layout_loops_ring, hellmonk_ecumenical_altar_crossroads
D:3:      layout_loops_ring, chequers_serial_rivers_micro_e
D:4:      layout_basic, minmay_temple_entry_waves
D:5:      minmay_spotlight, layout_basic, hangedman_abyss_or_decor_lesser_grid,
          hangedman_decor_growths, amcnicky_mini_rare_corridor_liquid
D:6:      layout_rooms, st_stairs_11
D:7:      layout_rooms
D:8:      layout_loops_corners, minmay_lair_entry_lava, enter_ossuary_5
D:9:      layout_small_grid, wad_floor_pattern_1, minmay_lindwurm_lava,
          uniq_grum
D:10:     layout_irregular_city, mainiacjoe_overflow_six_doors_small,
          nicolae_evil_shop, uniq_harold
D:11:     layout_roguey, minivault_16, nicolae_shop_dragon_depot,
          kennysheep_diamond, nicolae_vehumet_radiance
D:12:     layout_irregular_city, david_orc_2
Temple:   mainiacjoe_temple_trianglar_array
Lair:1:   layout_regular_city, portal_ice_cave_entry_pillars_2,
          serial_bayou_pond_b
Lair:2:   layout_chaotic_city, nicolae_spider_entry_orb_guardian,
          grunt_forest_large_clearings, serial_bayou_shore_a, uniq_erica
Lair:3:   layout_cave_pods, special_room [special_room_bee], st_stairs_8
Lair:4:   layout_regular_city, elwin_shoals_entry_rooms,
          infiniplex_staircase_pool_2
Lair:5:   minmay_guarded_unrand_snakebite, layout_small_grid, slime_altar_1,
          kennysheep_basilisk_garden, uniq_rupert

Skill      XL: |  1  2  3  4  5  6  7  8  9 10 11 |
---------------+----------------------------------+-----
Dodging        | 3 4 6 6 7 |  7.1
Fighting       | 1 3 4 4 |  4.2
Short Blades   | 1 2 3 |  3.3
Spellcasting   | 3 7 8 9 10 | 10.4
Stealth        | 3 4 5 |  5.5
Summonings     | 5 9 10 11 11 | 11.6
Hexes          | 3 2 4 |  4.1
Polearms       | 4 6 9 9 |  9.8
Armour         | 2 3 |  3.5
Air Magic      | 1 2 3 |  3.4
Throwing       | |  0.1
Ice Magic      | |  0.7
Evocations     | |  0.8

Action                   |  1- 3 |  4- 6 |  7- 9 | 10-12 || total
-------------------------+-------+-------+-------+-------++-------
Melee: Club              |    35 |       |       |       ||    35
       Unarmed           |     2 |       |       |       ||     2
       Short sword       |    44 |    69 |       |       ||   113
       Punch             |     1 |     1 |     2 |       ||     4
       Dagger            |       |    42 |    57 |       ||    99
       Trident           |       |       |   170 |       ||   170
       Halberd           |       |       |   101 |   157 ||   258
       Tailslap          |       |       |       |     1 ||     1
Throw: Stone             |       |       |     1 |       ||     1
       Throwing net      |       |       |     2 |       ||     2
 Cast: Summon Small Mamm |    35 |     9 |     3 |       ||    47
       Call Canine Famil |     3 |    33 |   107 |    40 ||   183
       Summon Guardian G |       |     1 |    60 |    30 ||    91
       Summon Lightning  |       |       |    30 |    46 ||    76
       Summon Ice Beast  |       |       |       |     4 ||     4
Invok: Sacrifice Experie |       |       |     1 |       ||     1
       Sacrifice Essence |       |       |     1 |       ||     1
       Draw Out Power    |       |       |     1 |     2 ||     3
       Power Leap        |       |       |       |     1 ||     1
       Sacrifice Skill   |       |       |       |     1 ||     1
       Sacrifice Courage |       |       |       |     1 ||     1
Evoke: Wand              |       |       |     6 |     8 ||    14
  Use: Scroll            |       |     4 |    15 |     4 ||    23
       Potion            |       |       |     4 |     7 ||    11
 Stab: Sleeping          |     3 |     5 |     3 |       ||    11
       Distracted        |       |     1 |     4 |    10 ||    15
       Invisible         |       |       |       |     1 ||     1
Armor: Robe              |    26 |    21 |    41 |       ||    88
       Acid dragon scale |       |       |    85 |   100 ||   185
       Skin              |       |       |    48 |    11 ||    59
Dodge: Dodged            |    64 |    60 |   235 |   168 ||   527
